 Dungeon Sprint DCSS version 0.18-a0-1350-g404b4cb (webtiles) character file.

1612 Kidiri the Covert (level 8, -2/42 HPs)
             Began as a Spriggan Enchanter on Feb 18, 2016.
             Was an Initiate of Dithmenos.
             Slain by a kraken (40 damage)
             ... in the Dungeon (Sprint II: "The Violet Keep of Menkaure").
             The game lasted 00:08:20 (1578 turns).

Kidiri the Covert (Spriggan Enchanter)              Turns: 1578, Time: 00:08:20

Health: -2/42      AC:  6    Str:  4    XL:     8   Next: 63%
Magic:  15/22      EV: 27    Int: 18    God:    Dithmenos [......]
Gold:   426        SH:  0    Dex: 17    Spells: 9 memorised, 3 levels left

rFire  . . .     SeeInvis +     a - +1 dagger
rCold  . . .     Gourm    .     b - +1 robe
rNeg   . . .     Faith    .     (shield restricted)
rPois  .         Spirit   .     (helmet restricted)
rElec  .         Dismiss  .     i - +2 cloak {+Inv}
rCorr  .         Reflect  .     (gloves unavailable)
SustAt .         Harm     .     (boots unavailable)
MR     +....     NoTele   +     (no amulet)
Stlth  ++++++....               (no ring)
                                (no ring)

@: very quick, somewhat resistant to hostile enchantments, very stealthy
A: unfitting armour, see invisible, herbivore 3, speed 3, slow metabolism 2
a: Renounce Religion, Evoke Invisibility


You were in the Dungeon.
You worshipped Dithmenos.
Dithmenos was noncommittal.
You were not hungry.

You visited 1 branch You collected 1065 gold pieces.
You spent 639 gold pieces at shops.

Inventory:

Hand Weapons
 a - a +1 dagger (weapon)
Armour
 b - a +1 robe (worn)
 i - a +2 cloak of invisibility (worn)
Scrolls
 j - a scroll of blinking
Potions
 g - a potion of haste
 h - a potion of magic
Books
 e - a Young Poisoner's Handbook

   Spells                             Type                      Level
   a - Sting                          Conjuration/Poison           1
   b - Cure Poison                    Poison                       2
   c - Mephitic Cloud                 Conjuration/Poison/Air       3
   d - Olgreb's Toxic Radiance        Poison                       4
   e - Venom Bolt                     Conjuration/Poison           5
Comestibles
 d - a bread ration


   Skills:
 + Level 4.3 Fighting
 * Level 8.4 Short Blades
 + Level 4.0 Armour
 * Level 11.2 Dodging
 * Level 12.3 Stealth
 * Level 9.3 Spellcasting
 + Level 3.3 Conjurations
 + Level 7.2 Hexes
 + Level 4.1 Ice Magic
 + Level 1.5 Air Magic
 + Level 2.0 Poison Magic
 + Level 0.0 Invocations
 + Level 2.4 Evocations


You had 3 spell levels left.
You knew the following spells:

 Your Spells              Type           Power        Failure   Level  Hunger
a - Corona                Hex            ####...      1%          1    None
b - Ensorcelled Hibernat  Hex/Ice        ####..       1%          2    None
c - Confuse               Hex            ####....     1%          3    None
d - Tukima's Dance        Hex            ####....     1%          3    None
e - Dazzling Spray        Conj/Hex       ####....     2%          3    None
f - Sting                 Conj/Pois      ###.         2%          1    None
g - Cure Poison           Pois           ###.......   8%          2    None
h - Mephitic Cloud        Conj/Pois/Air  ###.....     12%         3    None
i - Olgreb's Toxic Radia  Pois           ###.....     41%         4    ###....


Dungeon Overview and Level Annotations

Branches:
Dungeon (1/1)

Altars:
Cheibriados
Dithmenos
Elyvilon
Fedhas
Gozag
Kikubaaqudgha
Makhleb
Nemelex Xobeh
Okawaru
Pakellas
Qazlal
Ru
Sif Muna
Trog
Vehumet
Xom
Yredelemnul
Zin
The Shining One
Beogh
Jiyva
Lugonu

Shops:
D ?:((!=[}[:=}[%=!

Annotations:
D exclusion: oklob plant, Kirke


Innate Abilities, Weirdness & Mutations

You are tiny and cannot use many weapons and most armour.
You have supernaturally acute eyesight.
You are an herbivore.
You cover ground extremely quickly.
You need consume almost no food.


Message History

Confirm with . or Enter, or press ? or * to list all spells.
Okay, then.
The kraken completely misses you.
You catch the helpless kraken completely off-guard!
You skewer the kraken like a kebab!!!
The kraken is heavily wounded.
The kraken completely misses you.
You hit the kraken but do no damage.
The kraken is heavily wounded.
You strike the helpless kraken from behind!
You puncture the kraken!
The kraken is severely wounded.
The kraken completely misses you.
You hit the kraken but do no damage.
The kraken is severely wounded.
You hit the kraken but do no damage.
The kraken is severely wounded.
The kraken bites you!!!
Ouch! That really hurt!
You die...

.##. |▓[[?(()%[▓▓
...####▓[!)?([?)▓▓
#..##.#▓($[([?!?▓▓
+..#).#▓??%!(($?▓▓
#..#..#▓??[!()($▓▓
#^.##%#▓$!![?$)!▓▓
##...##▓▓▓▓▓▓▓+▓▓▓▓+▓
.≈≈≈≈≈≈≈≈≈≈≈≈≈...≈≈≈▓
.≈#+########+###@X≈≈▓
.≈#....._._#t§≈##≈≈≈▓
§≈#...._._.#§≈§≈####▓
§≈#..._._._#≈§§≈§#
≈≈#.._._._.#§§§§§§
≈§#._._._._#≈≈§≈§≈
≈≈#.._._._.#≈§§≈≈
≈≈#._._._..#≈§§§
§≈#.._._...#≈§§§


You could see a kraken (blind).

Vanquished Creatures
  A yaktaur (D)
  3 polar bears (D)
  A blink frog (D)
  2 hippogriffs (D)
  A wasp (D)
  4 necrophages (D)
  A crocodile (D)
  4 worker ants (D)
  3 worms (D)
20 creatures vanquished.

Vanquished Creatures (others)
  Menkaure (D)
  A crocodile (D)
  4 tentacles (D)
  62 tentacle segments (D)
68 creatures vanquished.

Grand Total: 88 creatures vanquished

Notes
Turn   | Place    | Note
--------------------------------------------------------------
     0 | D        | Kidiri the Spriggan Enchanter began the quest for the Orb.
     0 | D        | Reached XP level 1. HP: 9/9 MP: 5/5
     1 | D        | Noticed a hippogriff
     1 | D        | Noticed a hippogriff
     4 | D        | Noticed a worker ant
     4 | D        | Noticed a worker ant
     7 | D        | Noticed a necrophage
     7 | D        | Noticed a necrophage
     7 | D        | Noticed a necrophage
     7 | D        | Noticed a necrophage
    29 | D        | Reached skill level 5 in Stealth
    38 | D        | Killed a crocodile
    40 | D        | Killed Menkaure
   597 | D        | Reached XP level 2. HP: 6/14 MP: 7/7
   786 | D        | Learned a level 2 spell: Ensorcelled Hibernation
   791 | D        | Reached skill level 1 in Fighting
   791 | D        | Reached skill level 1 in Armour
   791 | D        | Reached skill level 6 in Stealth
   791 | D        | Reached XP level 3. HP: 18/18 MP: 1/9
   867 | D        | Reached skill level 5 in Dodging
   867 | D        | Reached skill level 1 in Ice Magic
   869 | D        | Reached XP level 4. HP: 15/22 MP: 3/11
   874 | D        | Reached skill level 7 in Stealth
   879 | D        | Learned a level 3 spell: Confuse
   883 | D        | Learned a level 3 spell: Tukima's Dance
   887 | D        | Learned a level 3 spell: Dazzling Spray
   990 | D        | Killed a hippogriff
   990 | D        | Reached skill level 5 in Short Blades
   990 | D        | Reached skill level 8 in Stealth
   990 | D        | Reached skill level 1 in Conjurations
   990 | D        | Reached skill level 5 in Hexes
   990 | D        | Reached XP level 5. HP: 27/27 MP: 8/14
   994 | D        | Killed a hippogriff
   994 | D        | Reached skill level 9 in Stealth
   994 | D        | Reached XP level 6. HP: 27/32 MP: 3/16
  1001 | D        | Noticed an obsidian statue
  1091 | D        | Reached skill level 10 in Stealth
  1099 | D        | Reached XP level 7. HP: 29/36 MP: 15/19
  1126 | D        | Noticed Kirke
  1126 | D        | Noticed a skeletal warrior
  1126 | D        | Noticed a kobold demonologist
  1127 | D        | Reached skill level 10 in Dodging
  1127 | D        | Reached skill level 11 in Stealth
  1192 | D        | Found Woklaroe's Distillery.
  1193 | D        | Found Nyisaree's Food Shop.
  1193 | D        | Found Irghait's Antique Armour Boutique.
  1193 | D        | Found Carruboe's Jewellery Boutique.
  1194 | D        | Noticed a blink frog
  1196 | D        | Killed a blink frog
  1201 | D        | Found Maelued's Book Boutique.
  1201 | D        | Found Ranotodd's Antique Armour Shop.
  1203 | D        | Found Hokuelyr's Jewellery Shop.
  1203 | D        | Found Ikaukh's Gadget Shop.
  1204 | D        | Found Jimmecw's Antique Armour Boutique.
  1204 | D        | Found Naip's Jewellery Boutique.
  1204 | D        | Found Biagh's Gadget Boutique.
  1206 | D        | Found Byturh Bijin's Distillery.
  1207 | D        | Found Daam's Antique Weapon Boutique.
  1207 | D        | Found Myer's Antique Weapon Shop.
  1207 | D        | Noticed a wyvern
  1207 | D        | Noticed a wyvern
  1207 | D        | Noticed an oklob plant
  1208 | D        | Found Cohuj's Book Shoppe.
  1208 | D        | Found Qafopi's Magic Scroll Boutique.
  1209 | D        | Noticed a spiny frog
  1210 | D        | Noticed a spiny frog
  1246 | D        | Bought a Young Poisoner's Handbook for 440 gold pieces
  1248 | D        | Learned a level 1 spell: Sting
  1251 | D        | Learned a level 2 spell: Cure Poison
  1255 | D        | Learned a level 3 spell: Mephitic Cloud
  1260 | D        | Learned a level 4 spell: Olgreb's Toxic Radiance
  1271 | D        | Bought an embroidered robe for 19 gold pieces
  1274 | D        | Bought an embroidered cloak for 144 gold pieces
  1298 | D        | Bought a scroll of remove curse for 36 gold pieces
  1356 | D        | Found a roughly hewn altar of Beogh.
  1357 | D        | Found an iron altar of Okawaru.
  1358 | D        | Found a sacrificial altar of Ru.
  1358 | D        | Found a sparkling altar of Nemelex Xobeh.
  1358 | D        | Found a snail-covered altar of Cheibriados.
  1359 | D        | Found a glowing silver altar of Zin.
  1359 | D        | Found an opulent altar of Gozag.
  1359 | D        | Found a burning altar of Makhleb.
  1360 | D        | Found a stormy altar of Qazlal.
  1360 | D        | Found a shadowy altar of Dithmenos.
  1360 | D        | Found an oddly glowing altar of Pakellas.
  1361 | D        | Found a blossoming altar of Fedhas.
  1361 | D        | Found a radiant altar of Vehumet.
  1362 | D        | Found a deep blue altar of Sif Muna.
  1362 | D        | Found a white marble altar of Elyvilon.
  1362 | D        | Found a corrupted altar of Lugonu.
  1363 | D        | Noticed a yaktaur
  1363 | D        | Noticed a polar bear
  1364 | D        | Noticed a polar bear
  1364 | D        | Noticed a polar bear
  1371 | D        | Killed a polar bear
  1371 | D        | Reached skill level 1 in Evocations
  1371 | D        | Reached XP level 8. HP: 28/42 MP: 14/21
  1374 | D        | Killed a polar bear
  1374 | D        | Reached skill level 1 in Air Magic
  1374 | D        | Reached skill level 1 in Poison Magic
  1376 | D        | Reached skill level 12 in Stealth
  1377 | D        | Killed a yaktaur
  1379 | D        | Killed a polar bear
  1477 | D        | Found an ancient bone altar of Kikubaaqudgha.
  1479 | D        | Found a shimmering altar of Xom.
  1479 | D        | Found a glowing golden altar of the Shining One.
  1479 | D        | Found a basalt altar of Yredelemnul.
  1480 | D        | Found a bloodstained altar of Trog.
  1480 | D        | Found a viscous altar of Jiyva.
  1485 | D        | Became a worshipper of Dithmenos the Shadowed
  1502 | D        | Noticed a kraken
  1578 | D        | Slain by a kraken

Vault maps used:
D:        the_violet_keep_of_menkaure

Action                   |  1- 3 |  4- 6 |  7- 9 || total
-------------------------+-------+-------+-------++-------
Melee: Dagger            |    52 |    12 |    17 ||    81
 Cast: Corona            |     7 |       |       ||     7
       Ensorcelled Hiber |     5 |     3 |     1 ||     9
       Dazzling Spray    |       |     5 |     4 ||     9
       Mephitic Cloud    |       |       |     2 ||     2
       Confuse           |       |       |     1 ||     1
  Use: Potion            |     3 |     1 |       ||     4
       Scroll            |       |       |     1 ||     1
 Stab: Sleeping          |     3 |     3 |     3 ||     9
       Invisible         |       |     2 |     2 ||     4
       Confused          |       |       |     4 ||     4
